 Dungeon Crawl Stone Soup version 0.30-a0-800-g7c544603b3 (webtiles) character file.

Game seed: 7297451406712514636

371 dialectric the Trooper (level 6, -2/60 HPs)
             Began as a Gargoyle Fighter on Feb 22, 2023.
             Slain by a gnoll
             ... wielding a +0 flail
              (4 damage)
             ... on level 5 of the Dungeon.
             The game lasted 00:04:36 (3267 turns).

dialectric the Trooper (Gargoyle Fighter)           Turns: 3267, Time: 00:04:37

Health: -2/60      AC: 23    Str: 22    XL:     6   Next: 71%
Magic:  6/6        EV:  2    Int:  8    God:
Gold:   124        SH:  0    Dex:  9    Spells: 5/5 levels left

rFire   . . .      SeeInvis .    a - +0 long sword
rCold   . . .      Faith    .    (no shield)
rNeg    + . .      Spirit   .    (body armour currently unavailable)
rPois   ∞          Reflect  .    (helmet currently unavailable)
rElec   .          Harm     .    (cloak currently unavailable)
rCorr   .          Rampage  .    (gloves currently unavailable)
Will    .....      NoTele   +    (boots currently unavailable)
Stlth   +                        (no amulet)
HPRegen 0.30/turn                (no ring)
MPRegen 0.10/turn                (no ring)

@: tree-form
A: stationary, stasis, torment immunity, boosted hp, sickness immunity, AC +4,
negative energy resistance 1, (electricity resistance), torment resistance 1,
petrification resistance
a: no special abilities


You were on level 5 of the Dungeon.
You were a tree.
You visited 1 branch of the dungeon, and saw 6 of its levels.

You collected 166 gold pieces.
You spent 42 gold pieces at shops.

Inventory:

Hand Weapons
 a - a +0 long sword (weapon)
Missiles
 m - 3 javelins (quivered)
Armour
 b - a +0 scale mail (melded)
 c - a +0 buckler
Jewellery
 p - the amulet "Wusicy Utax" {Rampage Regen+ rCorr}
   (You found it on level 2 of the Dungeon)

   [amulet of regeneration]

   Regen:     It increases your rate of health regeneration.
   rCorr:     It protects you from acid and corrosion.
   Rampage:   It bestows one free step when moving towards enemies.
Wands
 d - a wand of roots (2)
 t - a wand of quicksilver (5)
 x - a wand of paralysis (9)
Scrolls
 f - a scroll of noise
 g - a scroll of brand weapon {unknown}
 h - 2 scrolls of fear
 k - 4 scrolls of identify {unknown}
 l - 4 scrolls of teleportation
 o - a scroll of enchant armour {unknown}
 q - a scroll of fog {unknown}
 u - 2 scrolls of amnesia {unknown}
 y - a scroll of acquirement {unknown}
Potions
 e - a potion of invisibility {unknown}
 i - a potion of lignification
 j - a potion of brilliance {unknown}
 n - a potion of berserk rage {unknown}
 s - a potion of attraction {unknown}
 v - a potion of haste {unknown}
 w - a potion of degeneration {unknown}
 z - a potion of mutation {unknown}


   Skills:
 + Level 5.0 Fighting
 + Level 4.0 Long Blades
 - Level 4.0 Armour
 - Level 2.3 Dodging
 + Level 3.3 Shields


You had 5 spell levels left.
You didn't know any spells.
Your spell library contained the following spells:

 Spells                   Type           Power      Damage    Failure   Level
 Magic Dart               Conj           0%         1d3       41%         1
 Searing Ray              Conj           0%         2d4       54%         2
 Fulminant Prism          Conj/Hex       0%         3d5       99%         4


Dungeon Overview and Level Annotations

Branches:
Dungeon (6/15)
 Temple: D:4-7

Altars:
Uskayaw

Shops:
D:3 (?(

Annotations:
D:5 Pikel


Innate Abilities, Weirdness & Mutations

You are a tree.
Your roots penetrate the ground, keeping you stationary.
You cannot be teleported.
You are immune to unholy pain and torment.
Your maximum health is greatly increased.
Your equipment is partially melded.
You are immune to sickness and miasma.
((Your stone body is resilient. (AC +4)))
You are immune to poison.
You resist negative energy. (rN+)
((You are resistant to electric shocks. (rElec)))
You are resistant to unholy torment.
You are immune to petrification.


Message History

There is a stone staircase leading down here.
Unknown command.
Unknown command.
The gnoll attacks as you move away! The gnoll hits you but does no damage.
It was a potion of lignification.
You turn into a tree.
Your +0 scale mail melds into your body.
Your roots penetrate the ground.
The gnoll hits you but does no damage.
You barely miss the gnoll. The gnoll hits you but does no damage.
You barely miss the gnoll. The gnoll hits you but does no damage.
You barely miss the gnoll. The gnoll hits you but does no damage.
You barely miss the gnoll.
The gnoll hits you but does no damage. x2
You barely miss the gnoll. The gnoll hits you but does no damage.
You barely miss the gnoll. The gnoll hits you but does no damage.
Unknown command.
You barely miss the gnoll. The gnoll hits you with a +0 whip.
* * * LOW HITPOINT WARNING * * *
You hit the gnoll.
The gnoll is heavily wounded.
The gnoll hits you but does no damage.
You completely miss the gnoll. Your punch misses the gnoll.
The gnoll is heavily wounded.
The gnoll hits you but does no damage. The gnoll hits you with a +0 whip.
* * * LOW HITPOINT WARNING * * *
You hit the gnoll but do no damage.
The gnoll is heavily wounded.
The gnoll hits you but does no damage.
It was a potion of magic.
Magic courses through your body. The gnoll hits you with a +0 whip.
* * * LOW HITPOINT WARNING * * *
You slash the gnoll!
You kill the gnoll!
You hit the gnoll but do no damage. The gnoll hits you but does no damage.
You slash the gnoll!
The gnoll is heavily wounded.
The gnoll hits you with a +0 flail.
* * * LOW HITPOINT WARNING * * *
You barely miss the gnoll.
The gnoll is heavily wounded.
The gnoll hits you with a +0 flail.
You die...

### # #.#
##.####.##
.........########
..........s>....#
#.####s#.......#
#g#.......#
#♣#.......#
#.#.......#
#.###+##### #..
..# ..# ..# #.##


You could see a scorpion and a gnoll.

Vanquished Creatures
  A scorpion (D:5)
  A hound (D:4)
  Ijyb (D:3)
  Natasha (thrice) (D:3)
  7 adders
  6 gnolls
  A dart slug (D:1)
  6 orcs
  5 ball pythons
  2 bats
  7 endoplasms
  3 giant cockroaches
  6 hobgoblins
  A jackal (D:1)
  5 quokkas
  2 frilled lizards
  8 kobolds
  2 rats
67 creatures vanquished.

Vanquished Creatures (others)
  A fungus (D:5)
  4 plants
5 creatures vanquished.

Grand Total: 72 creatures vanquished

Notes
Turn   | Place    | Note
-------+----------+-------------------------------------------
     0 | D:1      | dialectric the Gargoyle Fighter began the quest for the
                  | Orb.
     0 | D:1      | Reached XP level 1. HP: 14/14 MP: 1/1
   194 | D:1      | Reached XP level 2. HP: 19/19 MP: 2/2
  1065 | D:2      | Reached XP level 3. HP: 23/23 MP: 3/3
  1474 | D:2      | Identified the amulet "Wusicy Utax" {Rampage Regen+ rCorr}
  1599 | D:3      | Found Hagi Lagiof's Weapon Shoppe.
  1631 | D:2      | Reached XP level 4. HP: 13/28 MP: 4/4
  1815 | D:3      | Found a faded altar of an unknown god.
  1952 | D:3      | Identified the +6 chain mail of Asceticism {rCorr MP+9}
  1985 | D:3      | Noticed Natasha
  1994 | D:3      | Killed Natasha
  1995 | D:3      | Reached XP level 5. HP: 16/33 MP: 5/5
  2027 | D:3      | Noticed Natasha
  2118 | D:3      | Found Zaetuett's Magic Scroll Boutique.
  2165 | D:3      | Bought a scroll of teleportation for 42 gold pieces
  2195 | D:3      | Found Wobryom's Antique Weapon Boutique.
  2236 | D:3      | Found a hide-covered altar of Uskayaw.
  2239 | D:3      | Noticed a +0 hand axe
  2239 | D:3      | Noticed a +0 hand axe
  2278 | D:3      | HP: 1/33 [crimson imp[Natasha] (1)]
  2282 | D:3      | Killed Natasha
  2283 | D:3      | Reached skill level 4 in Fighting
  2283 | D:3      | Reached skill level 1 in Dodging
  2413 | D:3      | Noticed Natasha
  2424 | D:3      | Killed Natasha
  2427 | D:3      | Noticed Ijyb
  2518 | D:3      | Killed Ijyb
  2519 | D:3      | Reached XP level 6. HP: 24/39 MP: 6/6
  3028 | D:5      | Entered Level 5 of the Dungeon
  3122 | D:5      | Reached skill level 5 in Fighting
  3213 | D:5      | Noticed Pikel
  3263 | D:5      | HP: 3/60 [gnoll/+0 whip[a gnoll sergeant] (3)]
  3266 | D:5      | HP: 1/60 [gnoll/+0 flail (3)]
  3267 | D:5      | Slain by a gnoll

Illustrated notes

Levels and vault maps discovered:
D:1:      minmay_arrival_cross, layout_loops_corners, st_stairs_4
D:2:      layout_loops_ring, nicolae_half_adder
D:3:      cheibrodos_old_hovel, layout_rooms, dancing_weapons_uskayaw,
          serial_shops, nicolae_shop_overgrown_old_shop, shop,
          nicolae_shop_hallway_stairs, shapermc_ecumenical_altar_pompeii,
          uniq_natasha, uniq_ijyb
D:4:      layout_rooms, minmay_temple_entry_fiery, minmay_misc_feat_tiny,
          serial_park_tiny_pond, minmay_manual_monstrance
D:5:      layout_basic, grunt_temple_overflow_forces_of_nature,
          ebering_ghost_disaster_area, uniq_pikel
D:6:      layout_basic, mainiacjoe_overflow_catwalk, serial_shops,
          nicolae_square_shop, nicolae_stop_n_shop_1

Skill      XL: |  1  2  3  4  5  6 |
---------------+-------------------+-----
Long Blades    | 2 3 4 |  4.0
Armour         | 4 |  4.0
Fighting       | 4 5 |  5.0
Dodging        | 1 2 |  2.3
Shields        | |  3.3

Action                     |  1- 3 |  4- 6 || total
---------------------------+-------+-------++-------
  Melee: Long sword        |   117 |   234 ||   351
         Punch             |       |     3 ||     3
  Throw: Javelin           |       |     1 ||     1
    Use: Scroll            |     1 |     1 ||     2
         Potion            |       |     5 ||     5
 Armour: Scale mail        |    67 |   169 ||   236
         Skin              |       |    12 ||    12
  Dodge: Dodged            |    72 |   175 ||   247

Table legend: (Time is in decaauts)
 A = Elapsed time spent in this place.
 B = Non-inter-level travel time spent in this place.
 C = Inter-level travel time spent in this place.
 D = Time resting spent in this place.
 E = Time spent auto-exploring this place.
 F = Levels seen in this place.
 G = Mean time per level.
                   A        B        C        D        E       F      G
               +--------+--------+--------+--------+--------+-----+--------+
         Total |   3354 |   3212 |    142 |    506 |   1834 |   6 |  559.0 |
       Dungeon |   3354 |   3212 |    142 |    506 |   1834 |   6 |  559.0 |
               +--------+--------+--------+--------+--------+-----+--------+

Top non-repeatable levels by time:
     D:3: 1126 daAuts
     D:1: 992 daAuts
     D:2: 842 daAuts
     D:5: 225 daAuts
     D:4: 142 daAuts
     D:6: 25 daAuts
